 Dungeon Crawl Stone Soup version 0.27-a0-1612-gde56a17b89 (webtiles) character file.

Game seed: 14729017791590507889

3077 night the Destroyer (level 9, 0/62 HPs)
             Began as a Black Draconian Conjurer on July 21, 2021.
             Slain by PeterLawrence's ghost (3 damage)
             ... on level 8 of the Dungeon.
             The game lasted 00:15:03 (9045 turns).

night the Destroyer (Black Draconian Conjurer)      Turns: 9045, Time: 00:15:03

Health: 0/62       AC:  8    Str: 10    XL:     9   Next: 58%
Magic:  3/21       EV: 12    Int: 22    God:
Gold:   141        SH:  0    Dex:  9    Spells: 14/25 levels left

rFire    . . .     SeeInvis .   a - +1 whip (elec)
rCold    . . .     Faith    .   (no shield)
rNeg     . . .     Spirit   .   (armour unavailable)
rPois    .         Reflect  .   (helmet restricted)
rElec    +         Harm     .   h - +0 cloak
rCorr    .         Rampage  .   (no gloves)
Will     .....                  (no boots)
Stlth    ++........             (no amulet)
HPRegen  0.20/turn              (no ring)
MPRegen  0.17/turn              (no ring)

@: on berserk cooldown, slowed, very slow
A: breathe lightning, AC +7, unfitting armour, electricity resistance,
cold-blooded
a: Breathe Lightning


You were on level 8 of the Dungeon.
You visited 1 branch of the dungeon, and saw 9 of its levels.

You collected 222 gold pieces.
You spent 81 gold pieces at shops.

Inventory:

Hand Weapons
 a - a +1 whip of electrocution (weapon)
 b - a +2 whip of holy wrath
 c - a +0 dagger
 m - a +0 long sword
Missiles
 f - 60 sling bullets
 g - 174 stones
 n - 27 bolts
 o - 64 arrows
 r - 8 curare-tipped darts
 v - 17 poisoned darts
Armour
 h - a +0 cloak (worn)
Wands
 i - a wand of flame (50)
 p - a wand of mindburst (16)
 u - a wand of iceblast (3)
Scrolls
 j - a scroll of enchant armour {unknown}
 k - 2 scrolls of magic mapping {unknown}
 l - 4 scrolls of identify
 q - 4 scrolls of teleportation {unknown}
 t - a scroll of vulnerability {unknown}
Potions
 d - 2 potions of flight
 s - 2 potions of curing


   Skills:
 - Level 1.7 Dodging
 - Level 1.7 Stealth
 + Level 8.8 Spellcasting
 + Level 10.4 Conjurations
 - Level 1.0 Translocations


You had 14 spell levels left.
You knew the following spells:

 Your Spells              Type           Power      Damage    Failure   Level
a - Magic Dart            Conj           100%       1d8       1%          1
b - Searing Ray           Conj           100%       3d7       1%          2
c - Iskenderun's Mystic   Conj/Tloc      34%        2d8       6%          4
d - Fulminant Prism       Conj/Hex       16%        3d11      8%          4

Your spell library contained the following spells:

 Spells                   Type           Power      Damage    Failure   Level
 Dazzling Flash           Conj/Hex       64%        N/A       2%          3
 Corona                   Hex            10%        N/A       7%          1
 Ensorcelled Hibernation  Hex/Ice        18%        N/A       11%         2
 Tukima's Dance           Hex            9%         N/A       21%         3


Dungeon Overview and Level Annotations

Branches:
Dungeon (9/15)
 Temple: D:4-7         Lair: D:8-11         Orc: D:9-12

Altars:
Cheibriados
Fedhas
Gozag
Kikubaaqudgha
Qazlal
Yredelemnul
The Shining One

Shops:
D:2 [

Annotations:
D:4 2 transporters, YannSP's ghost, amateur DrAE
D:8 PeterLawrence's ghost, novice MiFi


Innate Abilities, Weirdness & Mutations

You can breathe wild blasts of lightning.
Your glossy black scales are hard. (AC +7)
You cannot fit into any form of body armour.
You are resistant to electric shocks. (rElec)
You are cold-blooded and may be slowed by cold attacks.


Message History

You kill the water moccasin!
Unknown command.
Casting: Iskenderun's Mystic Blast (dangerous; 7% risk of failure)
Confirm with . or Enter, or press ? or * to list all spells.
You erupt in a blast of force!
The mystic blast hits the howler monkey zombie!
The howler monkey zombie is moderately damaged.
The howler monkey zombie is knocked back by the mystic blast.
The howler monkey zombie collides with the quasit!
The mystic blast hits the kobold demonologist!
You kill the kobold demonologist!
The quasit disappears in a puff of smoke!
The mystic blast hits PeterLawrence's ghost.
PeterLawrence's ghost is lightly damaged.
PeterLawrence's ghost is knocked back by the mystic blast.
Unknown command.
Casting: Iskenderun's Mystic Blast (dangerous; 7% risk of failure)
Confirm with . or Enter, or press ? or * to list all spells.
You erupt in a blast of force!
The mystic blast hits the howler monkey zombie!
You destroy the howler monkey zombie!
The mystic blast hits PeterLawrence's ghost!
PeterLawrence's ghost is moderately damaged.
PeterLawrence's ghost is knocked back by the mystic blast.
Unknown command.
Okay, then.
Okay, then.
You feel better. PeterLawrence's ghost hits you.
PeterLawrence's ghost freezes you. PeterLawrence's ghost hits you.
* * * LOW HITPOINT WARNING * * *
You feel as though you will be slow longer.
PeterLawrence's ghost freezes you.
* * * LOW HITPOINT WARNING * * *
You hit PeterLawrence's ghost but do no damage.
PeterLawrence's ghost is moderately damaged.
PeterLawrence's ghost hits you!
* * * LOW HITPOINT WARNING * * *
You feel as though you will be slow longer.
PeterLawrence's ghost freezes you.
You die...

######### ##### #.......# .'...
#.......# #.... #.......# #....
#.......# ##....####### ###....##
.........W@.# #....# 8
........)##### #....# _.
######.##.8.## ####....##
...+###.#..[[#.....# #.........
........#^.).'....8# #.........
........#...['._8.∩# #.........
........#....'....8# #.........
##'#....#....∩####.........
#######....##.##∩8∩##....#+##+###


You could see PeterLawrence's ghost.

Vanquished Creatures
  A komodo dragon (D:8)
  A kobold demonologist (D:8)
  A hornet (D:8)
  Grinder (D:5)
  Prince Ribbit (D:5)
  Menkaure (D:6)
  A water moccasin (D:8)
  Duvessa (D:5)
  2 sky beasts
  2 ogres (D:5)
  A phantom (D:5)
  A bullfrog (D:4)
  A scorpion (D:6)
  Dowan (D:5)
  5 wights (D:8)
  3 electric eels (D:7)
  A bullfrog zombie (D:6)
  A jelly (D:6)
  3 hounds
  A centaur zombie (D:6)
  2 orc priests
  A gnoll shaman (D:9)
  2 centaur skeletons
  3 iguanas (D:4)
  2 orc wizards
  A hound skeleton (D:4)
  A howler monkey zombie (D:8)
  8 adders
  7 gnolls
  2 white imps
  2 ufetubi (D:5)
  2 worms (D:3)
  3 dart slugs
  12 orcs
  7 ball pythons
  4 endoplasms
  6 giant cockroaches
  3 goblins
  8 hobgoblins
  2 jackals
  6 quokkas
  9 bats
  2 frilled lizards
  6 kobolds
  5 rats
136 creatures vanquished.

Vanquished Creatures (others)
  A fulminant prism (D:5)
  5 plants (D:7)
6 creatures vanquished.

Grand Total: 142 creatures vanquished

Notes
Turn   | Place    | Note
-------+----------+-------------------------------------------
     0 | D:1      | night the Draconian Conjurer began the quest for the Orb.
     0 | D:1      | Reached XP level 1. HP: 14/14 MP: 3/3
   579 | D:1      | Reached XP level 2. HP: 10/20 MP: 3/5
   746 | D:1      | Learned a level 2 spell: Searing Ray
  1365 | D:2      | Reached XP level 3. HP: 26/26 MP: 1/6
  1804 | D:2      | Reached skill level 5 in Conjurations
  2033 | D:2      | Reached XP level 4. HP: 33/33 MP: 4/8
  2038 | D:2      | Learned a level 4 spell: Iskenderun's Mystic Blast
  2447 | D:2      | Found a stormy altar of Qazlal.
  2482 | D:2      | Found Iclunkuq's Antique Armour Boutique.
  2485 | D:2      | Bought a cloak for 81 gold pieces
  2738 | D:3      | Found a faded altar of an unknown god.
  3099 | D:3      | Reached XP level 5. HP: 38/38 MP: 0/10
  3689 | D:3      | Found a glowing golden altar of the Shining One.
  3698 | D:3      | Found a basalt altar of Yredelemnul.
  3699 | D:3      | Found a blossoming altar of Fedhas.
  3701 | D:3      | Found an ancient bone altar of Kikubaaqudgha.
  3703 | D:3      | Found a snail-covered altar of Cheibriados.
  3972 | D:4      | Reached skill level 6 in Conjurations
  3977 | D:4      | Learned a level 4 spell: Fulminant Prism
  4007 | D:4      | Reached XP level 6. HP: 32/45 MP: 2/12
  4298 | D:4      | Reached skill level 1 in Translocations
  4502 | D:4      | You fall into a shaft and drop 2 floors!
  4511 | D:5      | Entered Level 5 of the Dungeon
  4770 | D:5      | Noticed Dowan
  4820 | D:5      | Reached skill level 5 in Spellcasting
  4820 | D:5      | Your scales start taking on a glossy black colour.
  4820 | D:5      | Reached XP level 7. HP: 50/50 MP: 6/14
  4820 | D:5      | Gained mutation: You are resistant to electric shocks.
                  | (rElec) [Black Draconian growth]
  5028 | D:5      | Noticed Prince Ribbit
  5040 | D:5      | Killed Prince Ribbit
  5041 | D:5      | Reached skill level 7 in Conjurations
  5322 | D:5      | Noticed Grinder
  5331 | D:5      | Killed Grinder
  5332 | D:5      | Reached skill level 8 in Conjurations
  5332 | D:5      | Reached XP level 8. HP: 22/57 MP: 7/17
  5678 | D:4      | Found a transporter.
  5681 | D:4      | Noticed YannSP's ghost (amateur DrAE)
  5716 | D:4      | Found a transporter.
  6322 | D:5      | Noticed Duvessa
  6335 | D:5      | Killed Duvessa
  6337 | D:5      | Killed Dowan
  7088 | D:6      | Noticed Menkaure
  7091 | D:6      | Killed Menkaure
  7333 | D:6      | Reached skill level 9 in Conjurations
  8057 | D:7      | Reached XP level 9. HP: 62/62 MP: 7/20
  8166 | D:7      | You fall into a shaft and drop 2 floors!
  8409 | D:8      | Paralysed by a hornet for 2 turns
  8778 | D:8      | Noticed a komodo dragon
  8791 | D:8      | Killed a komodo dragon
  8913 | D:8      | Found a runed translucent gate.
  8913 | D:8      | Found a runed translucent gate.
  8913 | D:8      | Found a runed translucent gate.
  8916 | D:8      | Found a stormy altar of Qazlal.
  8917 | D:8      | Found an opulent altar of Gozag.
  8917 | D:8      | Noticed a kobold demonologist
  8917 | D:8      | Noticed PeterLawrence's ghost (novice MiFi)
  8928 | D:8      | Reached skill level 10 in Conjurations
  9042 | D:8      | Killed a kobold demonologist
  9045 | D:8      | HP: 3/62 [PeterLawrence's ghost (14)]
  9045 | D:8      | Slain by PeterLawrence's ghost

Illustrated notes

Levels and vault maps discovered:
D:1:      minmay_arrival_cross, layout_loops_ring, item_on_display_a
D:2:      layout_rooms, basic_altar, serial_shops, nicolae_shop_behind_doors
D:3:      minmay_angry_zag, layout_basic, minitemple,
          ebering_ecumenical_altar_webs, minmay_joined_circles
D:4:      layout_cave_pools, gammafunk_ghost_arena, minmay_crystal_water
D:5:      layout_layer_cave, hangedman_decor_lopped, grunt_ministairs_6,
          uniq_duvessa, uniq_prince_ribbit1, uniq_grinder
D:6:      layout_loops_ring, uniq_menkaure
D:7:      layout_gridville, minmay_temple_entry_stoned_glass,
          serial_bayou_lake_a
D:8:      layout_gridville, chequers_temple_overflow_statue_of_worship,
          ebering_ghost_gozag
D:9:      layout_stronghold

Skill      XL: |  1  2  3  4  5  6  7  8  9 |
---------------+----------------------------+-----
Conjurations   | 5 6 8 9 10 | 10.4
Spellcasting   | 3 4 5 6 7 8 |  8.8
Translocations | 1 |  1.0
Dodging        | |  1.7
Stealth        | |  1.7

Action                   |  1- 3 |  4- 6 |  7- 9 || total
-------------------------+-------+-------+-------++-------
Melee: Unarmed           |     8 |       |       ||     8
       Dagger            |     4 |       |       ||     4
       Tailslap          |     1 |     1 |       ||     2
       Whip              |     2 |    26 |    12 ||    40
 Cast: Magic Dart        |    55 |    96 |    53 ||   204
       Searing Ray       |     4 |    15 |    26 ||    45
       Iskenderun's Myst |       |       |    29 ||    29
       Fulminant Prism   |       |       |     1 ||     1
 Abil: Breathe Lightning |       |       |     6 ||     6
  Use: Scroll            |       |     4 |       ||     4
       Potion            |       |       |     4 ||     4
 Stab: Sleeping          |     1 |     1 |       ||     2
Armor: Skin              |     5 |    10 |    15 ||    30
Dodge: Dodged            |    13 |    23 |    31 ||    67

Table legend: (Time is in decaauts)
 A = Elapsed time spent in this place.
 B = Non-inter-level travel time spent in this place.
 C = Inter-level travel time spent in this place.
 D = Time resting spent in this place.
 E = Time spent auto-exploring this place.
 F = Levels seen in this place.
 G = Mean time per level.
                   A        B        C        D        E       F      G
               +--------+--------+--------+--------+--------+-----+--------+
         Total |   9054 |   8856 |    198 |   1500 |   6435 |   9 | 1006.0 |
       Dungeon |   9054 |   8856 |    198 |   1500 |   6435 |   9 | 1006.0 |
               +--------+--------+--------+--------+--------+-----+--------+

Top non-repeatable levels by time:
     D:5: 2018 daAuts
     D:1: 1584 daAuts
     D:3: 1379 daAuts
     D:6: 1197 daAuts
     D:2: 911 daAuts
     D:4: 834 daAuts
     D:8: 758 daAuts
     D:7: 247 daAuts
     D:9: 123 daAuts
